 Dungeon Crawl Stone Soup version 0.31-a0-360-gb3e1d13bf4 (webtiles) character file.

Game seed: 14373125699483964384

6 Newt the Ruffian (level 1, -3/25 HPs)
             Began as a Draconian Shapeshifter on July 26, 2023.
             Succumbed to a goblin's poison
             ... on level 1 of the Dungeon.
             The game lasted 00:00:19 (204 turns).

Newt the Ruffian (Draconian Shapeshifter)            Turns: 204, Time: 00:00:20

Health: -3/25      AC: 20    Str: 17    XL:     1   Next: 75%
Magic:  1/1        EV:  2    Int:  8    God:
Gold:   0          SH:  0    Dex: 11    Spells: 0/0 levels left

rFire   . .          .
                       - Unarmed
rCold   . . .        (no shield)
rNeg    . . .        (body armour unavailable)
rPois   +            (helmet currently unavailable)
rElec   .            (cloak currently unavailable)
rCorr   .            (gloves currently unavailable)
SInv    .            (boots currently unavailable)
Will    .....        (no amulet)
Stlth   +            (no ring)
HPRegen 0.24/turn    (no ring)
MPRegen 0.07/turn

%: no passive effects
@: lethally poisoned (-3 -> -27), tree-form
A: stationary, stasis, torment immunity, boosted hp, AC +4, unfitting armour,
(cold-blooded)
a: no special abilities


You were on level 1 of the Dungeon.
You were a tree.
You visited 1 branch of the dungeon, and saw 1 of its levels.

Inventory:

Jewellery
 c - a ring of positive energy
Talismans
 b - a beast talisman


   Skills:
 * Level 2.1 Fighting
 - Level 1.7 Dodging
 - Level 3.0 Unarmed Combat
 - Level 3.0 Shapeshifting


You couldn't memorise any spells.
You didn't know any spells.
Your spell library was empty.

Dungeon Overview and Level Annotations

Branches:
Dungeon (1/15)

Altars:


Innate Abilities, Weirdness & Mutations

You are a tree.
Your roots penetrate the ground, keeping you stationary.
You cannot be teleported.
You are immune to unholy pain and torment.
Your maximum health is greatly increased.
Your equipment is partially melded.
((Your plain brown scales are hard. (AC +4)))
You cannot fit into any form of body armour.
((You are cold-blooded and may be slowed by cold attacks.))


Message History

You kill the bat!
An endoplasm comes into view.
The goblin hits you but does no damage.
You are poisoned.
You see here a bat corpse.
You closely miss the goblin.
You feel sick. The goblin completely misses you.
There are monsters nearby!
There are monsters nearby!
You barely miss the goblin.
You feel sick. The goblin hits you but does no damage.
You are more poisoned.
You barely miss the goblin.
You feel very sick. The goblin hits you but does no damage.
You closely miss the goblin.
The endoplasm quivers.
Your tail-slap misses the goblin.
You feel sick.
The goblin hits you with a +0 dagger of venom.
You are lethally poisoned!
You closely miss the goblin.
Your tail-slap misses the goblin.
You feel very sick. The goblin closely misses you.
You are too injured to fight recklessly!
Unknown command.
Really quaff the potion of lignification?
Your transformation has ended.
You turn into a tree.
Your roots penetrate the ground.
* * * LOW HITPOINT WARNING * * *
You feel very sick. The goblin hits you but does no damage.
You are more poisoned.
Unknown command.
You completely miss the goblin.
* * * LOW HITPOINT WARNING * * *
You feel very sick. The goblin hits you but does no damage.
You are more poisoned.
You smack the goblin!
You kill the goblin!
You die...

..# #. #### ..# #.#
#. #.. ..)# #.# #.
#.##...# #.# #.
##...... #.#
#.###...### #
#.######.........#.#
#.....##..##...#.#.#
.........†###......#
#####.###.# #.##♣###
# #)# #.# #.##)#
#####.###.# ......
..........##..##J##
####...#####..##.#
#.#.# #.# #...# #.#
##.## #.. #.


You could see an endoplasm.

Vanquished Creatures
  An endoplasm (D:1)
  2 goblins (D:1)
  A hobgoblin (D:1)
  2 bats (D:1)
  A kobold (D:1)
7 creatures vanquished.

Notes
Turn   | Place    | Note
-------+----------+-------------------------------------------
     0 | D:1      | Newt the Draconian Shapeshifter began the quest for the
                  | Orb.
     0 | D:1      | Reached XP level 1. HP: 16/16 MP: 1/1
   204 | D:1      | Succumbed to a goblin's poison

Illustrated notes

Levels and vault maps discovered:
D:1:      nzn_arrival_settlement, layout_loops_ring, serial_shops,
          nicolae_shop_stone, shop, chequers_serial_rivers_small_a

Skill      XL: |  1 |
---------------+----+-----
Fighting       | 2 |  2.1
Dodging        | |  1.7
Unarmed Combat | |  3.0
Shapeshifting  | |  3.0

Action                     || total
---------------------------++-------
  Melee: Unarmed           ||    29
         Tailslap          ||     1
    Use: Potion            ||     1
 Armour: Skin              ||    12
  Dodge: Dodged            ||    18

Table legend: (Time is in decaauts)
 A = Elapsed time spent in this place.
 B = Non-inter-level travel time spent in this place.
 C = Inter-level travel time spent in this place.
 D = Time resting spent in this place.
 E = Time spent auto-exploring this place.
 F = Levels seen in this place.
 G = Mean time per level.
                   A        B        C        D        E       F      G
               +--------+--------+--------+--------+--------+-----+--------+
         Total |    202 |    202 |      0 |    105 |     52 |   1 |  202.0 |
       Dungeon |    202 |    202 |      0 |    105 |     52 |   1 |  202.0 |
               +--------+--------+--------+--------+--------+-----+--------+

Top non-repeatable levels by time:
     D:1: 202 daAuts
